Map: 월드 오브 슬리퍼스 - 래더

Players

Clem

  • Race: Terran Terran
  • Spawn Location: 7:00

soO - Winner!

  • Race: Zerg Zerg
  • Spawn Location: 1:00

VOD

Have the link to the VOD?

Description

Time

  • Played on: Jan. 6, 2020, 8:57 p.m.
  • Length: 16:06
Show
View Real Time Build Order
Export as new Build Order

Clem Terran 

Build Orders: Hellion Opening, Reaper Expand 

Get SALT Encoding   

  12  0:00  SCV  
  13  0:12  SCV  
  14  0:16  Supply Depot  
  14  0:25  SCV  
  15  0:38  SCV  
  15  0:39  Barracks  
  16  0:43  Refinery  
  16  0:50  SCV  
  17  1:02  SCV  
  18  1:14  SCV  
  19  1:26  Reaper  
  19  1:27  Orbital Command  
  20  1:38  Command Center  
  20  1:48  Supply Depot  
  20  1:53  SCV  
  21  1:57  Marine  
  22  2:05  SCV  
  22  2:08  Factory  
  23  2:10  Refinery  
  23  2:17  SCV  
  23  2:22  Barracks Reactor  
  24  2:29  SCV  
  25  2:41  SCV  
  26  2:49  Orbital Command  
  26  2:53  SCV, Starport  
  27  3:02  Hellion x2  
  27  3:04  Marine  
  32  3:06  SCV  
  33  3:14  Supply Depot  
  33  3:16  SCV  
  33  3:18  SCV  
  35  3:23  Hellion  
  35  3:24  Hellion  
  39  3:31  SCV  
  39  3:32  SCV  
  39  3:33  Fusion Core  
  41  3:37  Starport Tech Lab  
  41  3:39  Supply Depot  
  41  3:44  Hellion  
  41  3:45  SCV x2, Hellion  
  47  3:57  SCV x2  
  48  4:05  Supply Depot  
  48  4:09  SCV x2  
  50  4:21  Battlecruiser  
  56  4:25  SCV, Command Center  
  56  4:26  SCV  
  56  4:29  Barracks Tech Lab  
  58  4:40  SCV  
  58  4:41  SCV  
  58  4:42  Barracks  
  58  4:44  Factory Reactor  
  60  4:47  Marine, Barracks  
  60  4:48  Stimpack  
  60  4:52  SCV  
  62  4:53  SCV, Refinery  
  62  4:54  Refinery  
  62  4:56  Supply Depot  
  63  5:05  SCV, Engineering Bay  
  63  5:06  SCV, Engineering Bay  
  65  5:09  Marine  
  64  5:16  Bunker  
  64  5:18  Bunker  
  64  5:28  SCV x2  
  64  5:30  Marine x3  
  64  5:32  Starport Reactor  
  64  5:33  Siege Tank  
  69  5:38  Marine  
  69  5:40  SCV  
  63  5:45  SCV  
  63  5:48  Marine x3  
  59  5:52  SCV  
  54  6:01  SCV  
  47  6:05  SCV, Marine  
  47  6:07  Marine x2  
  47  6:09  Marine x2  
  53  6:11  Siege Tank  
  53  6:13  SCV  
  57  6:20  Medivac x2  
  57  6:23  Marine  
  62  6:26  Orbital Command  
  62  6:28  SCV, Marine  
  62  6:32  Marine x2  
  66  6:35  SCV  
  66  6:36  Marine  
  68  6:41  Combat Shield  
  68  6:43  Terran Infantry Weapons Level 1  
  68  6:44  SCV  
  69  6:47  SCV  
  69  6:51  Marine x2  
  69  6:52  Marine, Supply Depot  
  69  6:53  Marine  
  72  6:57  Medivac  
  72  7:00  SCV x2  
  76  7:01  Orbital Command  
  76  7:02  Marine  
  77  7:09  Marine, Terran Infantry Armor Level 1  
  77  7:10  Marine x2  
  77  7:12  SCV  
  81  7:16  Marine  
  81  7:18  SCV  
  81  7:20  Marine  
  81  7:21  Barracks  
  84  7:22  Barracks  
  84  7:29  Supply Depot  
  84  7:30  SCV  
  84  7:33  Siege Tank  
  84  7:35  SCV  
  89  7:37  SCV, Marine x2  
  89  7:40  Marine  
  92  7:44  SCV  
  92  7:51  Marine x2  
  95  7:55  Marine, SCV  
  95  7:56  Supply Depot  
  96  8:00  SCV x2  
  96  8:02  Armory  
  98  8:06  Marine x2  
  98  8:11  Barracks Reactor  
  98  8:12  SCV  
  101  8:15  Supply Depot  
  101  8:18  SCV, Medivac, Siege Tank  
  101  8:19  Supply Depot, Barracks Reactor  
  107  8:20  Marine x2  
  107  8:22  SCV  
  110  8:27  SCV  
  110  8:28  Marine  
  110  8:29  Marine x2  
  110  8:30  SCV  
  115  8:37  SCV  
  115  8:38  Marine x2  
  118  8:41  Supply Depot  
  118  8:42  Supply Depot  
  118  8:46  Marine x2  
  118  8:47  Marine, SCV x2  
  123  8:49  Marine  
  123  8:50  Marine  
  123  8:53  Terran Infantry Weapons Level 2  
  125  9:00  Marine, Medivac  
  125  9:01  Marine x2  
  125  9:02  Marine  
  130  9:05  Missile Turret x2  
  130  9:08  Missile Turret  
  130  9:12  Terran Infantry Armor Level 2  
  130  9:17  Marine x2  
  130  9:18  Marine x3  
  129  9:26  Marine  
  129  9:27  Marine  
  129  9:28  Marine x2  
  129  9:30  Siege Tank  
  136  9:33  Medivac  
  136  9:36  Marine x2  
  136  9:37  Marine  
  136  9:40  Marine x2  
  136  9:44  Marine, Supply Depot  
  136  9:45  Marine  
  139  9:46  Marine x2  
  142  9:54  Command Center  
  142  9:55  Supply Depot  
  142  9:56  Marine  
  142  9:57  Marine  
  142  9:58  Marine  
  142  10:07  Marine x2  
  142  10:10  Siege Tank  
  142  10:12  Marine  
  142  10:13  Marine x2  
  149  10:19  Marine x2  
  149  10:20  Marine x2  
  135  10:24  Marine, Medivac x2  
  135  10:25  Marine  
  121  10:30  Marine  
  121  10:31  Marine x2  
  105  10:37  Marine x3  
  105  10:38  Marine  
  105  10:42  Marine x2, Siege Tank  
  100  10:48  Marine  
  100  10:49  Marine x2  
  103  10:51  SCV x2  
  103  10:52  Refinery  
  103  10:55  Marine x3  
  109  11:00  Marine x2  
  111  11:06  Marine, Medivac x2  
  111  11:07  Marine x2  
  117  11:14  Barracks x2  
  117  11:17  Barracks  
  117  11:24  Marine  
  105  11:27  Marine x3  
  105  11:28  Marine x4, Siege Tank  
  105  11:32  Marine  
  112  11:38  SCV x3  
  115  11:42  Marine  
  115  11:43  Terran Vehicle Weapons Level 1  
  115  11:44  Terran Infantry Weapons Level 3  
  115  11:45  Marine x2  
  118  11:51  Marine x2, Missile Turret  
  120  11:59  Planetary Fortress  
  119  12:03  Marine x3  
  119  12:04  Marine x7  
  119  12:06  SCV  
  119  12:07  SCV  
  131  12:13  Missile Turret  
  131  12:15  Marine x2  
  133  12:21  Marine x3  
  133  12:22  Siege Tank  
  139  12:26  Marine x7  
  146  12:36  Marine  
  137  12:39  Marine  
  137  12:43  Medivac x2  
  134  12:45  SCV x3  
  134  12:47  Missile Turret  
  134  12:48  Marine x4, Missile Turret  
  134  12:49  Marine  
  142  12:53  Marine x2  
  142  12:54  Marine x2, Siege Tank  
  142  12:55  Marine x2  
  142  12:56  Marine, Liberator x2  
  152  13:06  Marine x4  
  152  13:07  Marine  
  152  13:10  Marine  
  158  13:14  Marine  
  158  13:15  Marine x3  
  167  13:20  Marine x2, Supply Depot x2  
  167  13:23  Marine  
  167  13:24  Marine x2  
  167  13:25  Marine x2  
  167  13:26  Siege Tank  
  176  13:40  SCV x3  
  176  13:41  Marine x2  
  176  13:43  Marine x3  
  176  13:45  Marine  
  176  13:46  Marine  
  177  13:52  Marine x5  
  180  13:59  Marine, Siege Tank  
  180  14:01  Marine x2  
  184  14:03  Marine  
  184  14:08  Marine  
  184  14:09  Marine  
  178  14:10  Marine  
  178  14:12  Marine x2  
  178  14:14  Marine  
  177  14:17  Marine  
  177  14:19  Marine x2  
  177  14:21  Marine  
  140  14:24  Liberator x2  
  140  14:25  Marine  
  140  14:26  Marine  
  140  14:29  Marine  
  140  14:30  Marine x2  
  126  14:31  Siege Tank  
  126  14:35  Marine  
  126  14:37  Marine  
  126  14:38  Marine  
  134  14:45  Marine  
  137  14:46  Marine x2  
  137  14:50  Marine  
  128  15:00  Marine  
  128  15:06  Marine x3  
  105  15:10  Marine, Siege Tank  
  105  15:11  Marine x2  
  103  15:14  SCV x3  
  103  15:15  SCV  
  103  15:18  Marine  
  107  15:22  Barracks Tech Lab x3  
  107  15:26  Command Center  
Show
View Real Time Build Order
Export as new Build Order

soO Zerg - Winner!

Build Orders: Hatch First, Muta Ling Bane 

Get SALT Encoding   

  12  0:00  Drone  
  13  0:12  Overlord  
  13  0:17  Drone  
  14  0:31  Drone x2  
  16  0:47  Hatchery  
  15  0:52  Drone  
  15  0:55  Drone  
  17  0:58  Drone  
  18  1:10  Extractor  
  17  1:14  Spawning Pool  
  17  1:16  Drone  
  17  1:20  Drone  
  18  1:28  Drone  
  19  1:39  Drone  
  20  1:50  Overlord  
  20  2:00  Queen x2  
  24  2:01  Zergling x2  
  24  2:02  Zergling x2  
  26  2:10  Drone  
  26  2:11  Drone  
  28  2:22  Hatchery  
  26  2:30  Drone  
  26  2:36  Queen  
  29  2:38  Overlord  
  29  2:42  Metabolic Boost  
  29  2:46  Drone  
  29  2:48  Drone  
  31  2:54  Drone x2  
  31  2:56  Drone  
  34  3:07  Drone x2  
  34  3:09  Drone  
  34  3:10  Drone x2  
  39  3:14  Queen  
  41  3:20  Overlord  
  41  3:21  Drone  
  41  3:25  Drone  
  43  3:30  Drone  
  44  3:35  Drone  
  44  3:38  Zergling x4  
  47  3:42  Roach Warren  
  47  3:43  Drone x2  
  47  3:44  Drone x2  
  47  3:45  Drone  
  47  3:47  Extractor, Drone  
  51  3:54  Extractor  
  51  3:55  Drone x3  
  53  3:59  Overlord  
  54  4:05  Overlord  
  54  4:09  Overlord  
  54  4:14  Overlord  
  54  4:25  Roach x7  
  54  4:31  Roach  
  70  4:32  Overlord  
  70  4:33  Zergling x8  
  74  4:38  Zergling x4  
  74  4:39  Zergling x2  
  77  4:48  Zergling x2  
  77  4:49  Zergling x8  
  82  4:58  Drone x7  
  89  5:07  Ravager x2, Drone x2  
  89  5:09  Ravager  
  89  5:13  Drone x3  
  96  5:16  Drone  
  96  5:19  Extractor, Drone  
  96  5:20  Drone  
  98  5:22  Overlord  
  98  5:36  Overlord  
  98  5:40  Queen  
  98  5:41  Drone  
  98  5:42  Drone x3  
  98  5:44  Drone  
  98  5:45  Drone x2  
  98  5:46  Queen  
  98  5:47  Lair  
  98  5:49  Drone x3  
  98  5:50  Drone  
  98  5:51  Spore Crawler x2  
  98  5:56  Drone x2  
  98  5:57  Drone  
  89  6:01  Drone x2  
  84  6:08  Spore Crawler, Roach x8  
  99  6:12  Drone  
  99  6:13  Drone  
  99  6:17  Queen  
  101  6:19  Extractor  
  101  6:20  Drone  
  101  6:21  Queen  
  101  6:22  Drone x2  
  100  6:26  Drone  
  100  6:32  Drone x3  
  103  6:34  Extractor, Drone x2  
  103  6:35  Drone x2  
  106  6:46  Glial Reconstitution  
  106  6:48  Spire  
  106  6:49  Drone  
  106  6:50  Extractor, Evolution Chamber  
  106  6:53  Overlord  
  104  7:02  Roach  
  104  7:03  Hatchery  
  104  7:05  Overlord  
  104  7:06  Overlord  
  104  7:07  Overlord  
  105  7:08  Overlord  
  105  7:12  Evolution Chamber  
  103  7:16  Zerg Ground Armor Level 1  
  103  7:17  Roach x2  
  103  7:18  Zergling x2, Roach x3, Baneling Nest  
  103  7:20  Overlord  
  103  7:21  Overlord  
  113  7:26  Zergling x2, Roach x4  
  113  7:29  Ravager  
  123  7:30  Ravager  
  123  7:31  Ravager  
  123  7:32  Zergling x2, Roach x2  
  123  7:33  Zergling x4  
  132  7:42  Ravager  
  132  7:43  Ravager  
  134  7:44  Zergling x12  
  140  7:51  Zergling x2  
  138  7:58  Zergling x2, Roach  
  138  7:59  Roach  
  138  8:04  Zerg Melee Weapons Level 1, Overlord  
  143  8:08  Drone x9  
  143  8:10  Overlord  
  152  8:21  Mutalisk  
  152  8:22  Mutalisk x3  
  152  8:25  Mutalisk  
  162  8:30  Extractor  
  162  8:31  Centrifical Hooks  
  162  8:33  Zergling x8  
  165  8:34  Drone x2  
  165  8:36  Hatchery  
  166  8:44  Overlord  
  166  8:45  Mutalisk x2  
  166  8:47  Drone x3  
  173  8:54  Zergling x6  
  176  9:01  Overlord x3  
  176  9:02  Overlord x2  
  175  9:04  Mutalisk x4  
  183  9:19  Overlord x2  
  183  9:21  Zergling x18  
  186  9:28  Zerg Ground Armor Level 2  
  186  9:31  Zergling x10  
  185  9:38  Mutalisk x3  
  179  9:45  Mutalisk x2  
  189  9:51  Drone x2  
  191  9:53  Overseer  
  191  9:58  Infestation Pit  
  190  10:00  Baneling x5  
  190  10:01  Zergling x12  
  194  10:08  Baneling  
  194  10:09  Baneling x6  
  194  10:12  Zergling x16  
  171  10:22  Zergling x8  
  171  10:24  Zergling x2  
  144  10:33  Mutalisk x5  
  144  10:35  Zergling x10  
  147  10:41  Zergling x2  
  147  10:42  Zergling x2  
  145  10:45  Hatchery, Mutalisk x2  
  145  10:47  Zergling x2  
  145  10:48  Zergling x4, Queen  
  152  10:52  Baneling x6  
  152  10:57  Zergling x6  
  155  11:00  Zergling x2  
  155  11:01  Zergling x2  
  157  11:07  Hive  
  157  11:12  Zergling x10  
  157  11:14  Zerg Melee Weapons Level 2, Zerg Flyer Weapons Level 1  
  147  11:29  Mutalisk x3  
  147  11:31  Zergling x10  
  147  11:32  Zergling x10  
  161  11:39  Baneling x6  
  161  11:41  Zergling x16  
  161  11:44  Drone  
  161  11:45  Drone x2  
  172  11:50  Mutalisk x2  
  172  11:53  Zergling x12  
  177  11:57  Baneling x7  
  177  11:59  Hatchery  
  177  12:01  Zergling x14  
  183  12:06  Baneling x3  
  183  12:12  Zergling x26  
  196  12:21  Zerg Ground Armor Level 3  
  196  12:23  Zergling x6  
  196  12:28  Adrenal Glands  
  188  12:43  Mutalisk x3  
  184  12:45  Zergling x2  
  184  12:46  Zergling x36  
  184  12:49  Extractor x2  
  198  12:58  Baneling x11  
  198  13:12  Ultralisk Cavern, Hatchery  
  196  13:19  Zergling x10  
  200  13:22  Baneling x10  
  197  13:48  Zergling x4  
  197  13:50  Zergling x4  
  197  13:54  Baneling x5  
  198  14:01  Chitinous Plating  
  197  14:03  Zergling x4, Ultralisk  
  197  14:04  Zergling x4  
  197  14:08  Zergling x4  
  193  14:10  Zergling x4  
  193  14:11  Zergling x4  
  193  14:12  Zergling x8  
  197  14:21  Zergling x6, Ultralisk  
  197  14:22  Zergling x20  
  191  14:25  Zergling x6  
  180  14:34  Zergling x14, Ultralisk x3  
  191  14:39  Baneling x2  
  191  14:40  Baneling x4  
  191  14:41  Baneling x8  
  191  14:46  Drone x3  
  191  14:49  Baneling x5  
  174  15:05  Zergling x12, Ultralisk x2  
  174  15:06  Zergling x14  
  183  15:13  Zergling x2, Ultralisk  
  174  15:30  Corruptor  
  174  15:31  Corruptor x2  
  170  15:40  Zergling x24  
  170  15:53  Drone x3  
Tags
 
Add a new tag
Caveats
  • Supply blocks, unpowered buildings, or Contaminate may cause inaccurate times.
  • Supply counts are checked every 10 seconds.